 Dungeon Crawl Stone Soup version 0.28-a0-1038-g9c4cb8273d (webtiles) character file.

Game seed: 17526081993536444413

1666303 EnegeticOcto the Eviscerator (level 26, 127/127 HPs)
             Began as a Felid Warper on Dec 8, 2021.
             Was an Elder of Ashenzari.
             Escaped with the Orb
             ... and 3 runes!
             The game lasted 02:21:56 (68396 turns).

EnegeticOcto the Eviscerator (Felid Warper)        Turns: 68396, Time: 02:21:57

Health: 127/127    AC:  3    Str:  7    XL:     26   Next: 1%
Magic:  42/42      EV: 37    Int: 26    God:    Ashenzari [****..]
Gold:   1729       SH:  0    Dex: 18    Spells: 8/63 levels left
                                        Lives:  2   Deaths: 3

rFire   + . .      SeeInvis +     - Unarmed
rCold   + + .      Faith    .   (shield unavailable)
rNeg    . . .      Spirit   .   (armour unavailable)
rPois   +          Reflect  .   (helmet unavailable)
rElec   +          Harm     .   (cloak unavailable)
rCorr   .          Rampage  .   (gloves unavailable)
Will    +++..      Clarity  +   (boots unavailable)
Stlth   ++........              h - amulet of Star-Bound Wisdom {RegenMP, Comp, Cun} (curse)
HPRegen 0.31/turn               i - ring "Chained Together" {Wiz, Bglg, Comp} (curse)
MPRegen 0.68/turn               C - ring of Gosusony {rElec rPois rC+ Int+4}

@: quick
A: very small, claws 1, fangs 3, see invisible, speed 1, shaggy fur 3, stealthy
paws, no weapons or thrown items, no armour, multi-lived, clarity, dopey 1, fire
resistance 1, low mp 1, subdued magic 1
0: Orb of Zot
}: 3/15 runes: decaying, serpentine, silver
a: Renounce Religion, Curse Item, Shatter the Chains


You escaped.
You worshipped Ashenzari.
Ashenzari was greatly pleased with you.
You visited 10 branches of the dungeon, and saw 49 of its levels.
You also visited: Gauntlet, Ice Cave and Desolation.

You collected 8147 gold pieces.
You spent 6418 gold pieces at shops.

Inventory:

Armour
 V - the +5 robe of Misfortune {Contam Harm *Corrode Drain *Slow EV+5}
   (You found it in the Desolation of Salt)

   EV:        It affects your evasion (+5).
   Contam:    It causes magical contamination when unequipped.
   *Corrode:  It may corrode you when you take damage.
   Drain:     It drains your maximum health when unequipped.
   *Slow:     It may slow you when you take damage.
   Harm:      It increases damage dealt and taken.
Jewellery
 d - a ring of fire
   (You found it on level 1 of the Dungeon)
 e - the amulet of Mosuikh {Acrobat Regen+}
   (You found it on level 3 of the Elven Halls)

   [amulet of the acrobat]

   It increases your evasion while moving and waiting.
   Regen:     It increases your rate of health regeneration.
 h - the cursed amulet of Star-Bound Wisdom (around neck) {RegenMP, Comp, Cun}
   (You found it on level 1 of the Dungeon)

   [amulet of magic regeneration]

   It increases your rate of magic regeneration.
   It has a curse which improves the following skills: Companions: Summonings
   and Necromancy.
   Cunning:   Dodging and Stealth.
 i - the cursed ring "Chained Together" (left paw) {Wiz, Bglg, Comp}
   (You found it on level 1 of the Dungeon)

   [ring of wizardry]

   It improves your spell success rate.
   It has a curse which improves the following skills: Beguiling: Conjurations,
   Hexes and Translocations.
   Companions: Summonings and Necromancy.
 q - the ring "Obauchan" {Will++ Dex+3 Slay+4}
   (You acquired it in a Gauntlet)

   [ring of slaying]

   Dex:       It affects your dexterity (+3).
   Slay:      It affects your accuracy & damage with ranged weapons and melee
   (+4).
   Will:      It greatly increases your willpower.
 r - the ring "Revuiwa" {rN+ Int+6 Dex+2}
   (You found it in the Desolation of Salt)

   [ring of intelligence]

   Int:       It affects your intelligence (+6).
   Dex:       It affects your dexterity (+2).
   rN:        It protects you from negative energy.
 C - the ring of Gosusony (right paw) {rElec rPois rC+ Int+4}
   (You bought it in a shop on level 7 of the Dungeon)

   [ring of poison resistance]

   Int:       It affects your intelligence (+4).
   rC:        It protects you from cold.
   rElec:     It insulates you from electricity.
   rPois:     It protects you from poison.
 Q - the ring "Sath" {rCorr Int+3}
   (You took it off a deep elf demonologist on level 5 of the Vaults)

   [ring of resist corrosion]

   Int:       It affects your intelligence (+3).
   rCorr:     It protects you from acid and corrosion.
 T - the ring of Midnight {Str+3 Int+7 SInv}
   (You found it in the Desolation of Salt)

   [ring of see invisible]

   Str:       It affects your strength (+3).
   Int:       It affects your intelligence (+7).
   SInv:      It lets you see invisible.
 Y - the ring "Hiewk" {MP+9 EV+4 Int-4 Slay+3}
   (You acquired it on level 1 of the Realm of Zot)

   [ring of evasion]

   EV:        It affects your evasion (+4).
   Int:       It affects your intelligence (-4).
   Slay:      It affects your accuracy & damage with ranged weapons and melee
   (+3).
   MP:        It affects your magic capacity (+9).
 Z - the ring of Fitaed {rPois rC+ Str-3 Dex+2 SInv}
   (You took it off a vault warden on level 5 of the Vaults)

   [ring of poison resistance]

   Str:       It affects your strength (-3).
   Dex:       It affects your dexterity (+2).
   rC:        It protects you from cold.
   rPois:     It protects you from poison.
   SInv:      It lets you see invisible.
Wands
 o - a wand of mindburst (43)
   (You found it on level 1 of the Lair of Beasts)
 w - a wand of acid (35) {@v1}
   (You found it on level 6 of the Dungeon)
 A - a wand of charming (7)
   (You found it on level 7 of the Dungeon)
 J - a wand of iceblast (37) {@v2}
   (You took it off a wight on level 9 of the Dungeon)
 L - a wand of paralysis (12)
   (You took it off a wight on level 9 of the Dungeon)
 O - a wand of digging (20) {@v3}
   (You took it off Sonja on level 3 of the Lair of Beasts)
 S - a wand of polymorph (30)
   (You found it on level 2 of the Swamp)
Scrolls
 a - 4 scrolls of blinking {@r4}
 l - 2 scrolls of torment
 n - 3 scrolls of immolation
 t - 3 scrolls of magic mapping {@r5 !r}
 v - 21 scrolls of teleportation {@r3 !r}
 B - 5 scrolls of amnesia
 F - 10 scrolls of fear {!r}
 G - 9 scrolls of silence
 I - 6 scrolls of holy word
 M - a scroll of summoning
 N - 2 scrolls of vulnerability
 P - 3 scrolls of fog {!r}
Potions
 b - 4 potions of magic
 c - 19 potions of curing {@q1 !q}
 f - 5 potions of attraction
 g - 12 potions of mutation
 j - 3 potions of might {@q3 !q}
 m - 2 potions of berserk rage
 p - 10 potions of haste {@q4 !q}
 s - a potion of resistance
 u - 6 potions of flight
 z - 2 potions of brilliance
 D - 3 potions of cancellation
 E - 2 potions of invisibility
 K - 7 potions of ambrosia
 R - 9 potions of lignification {@q6}
 X - 10 potions of heal wounds {@q2 !q}
Miscellaneous
 k - a tin of tremorstones (2/2)
   (You found it on level 5 of the Lair of Beasts)
 x - a lightning rod (4/4)
   (You found it in an ice cave)
 y - a box of beasts
   (You found it on level 3 of the Elven Halls)
 H - a condenser vane
   (You found it on level 3 of the Elven Halls)
 U - a phantom mirror
   (You found it on level 1 of the Elven Halls)
 W - a phial of floods
   (You found it on level 5 of the Vaults)


   Skills:
 - Level 18.9 Fighting
 - Level 22.7(24.7) Dodging
 - Level 10.0(12.2) Stealth
 * Level 24.8 Unarmed Combat
 - Level 19.0 Spellcasting
 - Level 6.0(8.3) Conjurations
 - Level 21.8(25.0) Summonings
 - Level 4.6(8.0) Necromancy
 - Level 5.7(8.0) Translocations
 - Level 10.0 Transmutations
 - Level 5.0 Fire Magic
 - Level 10.0 Earth Magic
 - Level 15.0 Evocations


You had 8 spell levels left.
You knew the following spells:

 Your Spells              Type           Power      Damage    Failure   Level
a - Vampiric Draining     Necr           50%        2d9       1%          3
b - Dragon's Call         Summ           43%        N/A       1%          9
c - Statue Form           Tmut/Erth      37%        N/A       1%          6
d - Summon Horrible Thin  Summ           43%        N/A       1%          8
e - Stone Arrow           Conj/Erth      100%       3d13      1%          3
f - Haunt                 Necr/Summ      35%        N/A       1%          7
g - Mephitic Cloud        Conj/Pois/Air  30%        N/A       1%          3
h - Death Channel         Necr           25%        N/A       3%          6
i - Apportation           Tloc           100%       N/A       1%          1
p - Passwall              Tmut/Erth      46%        N/A       0%          2
z - Irradiate             Conj/Tmut      26%        3d22      1%          5
Y - Blink                 Tloc           100%       N/A       1%          2

Your spell library contained the following spells:

 Spells                   Type           Power      Damage    Failure   Level
 Beastly Appendage        Tmut           100%       N/A       0%          1
 Sandblast                Erth           100%       2d20      0%          1
 Summon Small Mammal      Summ           100%       N/A       0%          1
 Wereblood                Tmut           56%        N/A       0%          2
 Call Canine Familiar     Summ           87%        N/A       0%          3
 Summon Guardian Golem    Hex/Summ       62%        N/A       0%          3
 Summon Cactus Giant      Summ           43%        N/A       0%          6
 Animate Skeleton         Necr           100%       N/A       1%          1
 Foxfire                  Conj/Fire      100%       2x1d9     1%          1
 Magic Dart               Conj           100%       1d8       1%          1
 Pain                     Necr           100%       1d9       1%          1
 Shock                    Conj/Air       100%       1d9       1%          1
 Ensorcelled Hibernation  Hex/Ice        38%        N/A       1%          2
 Scorch                   Fire           78%        2d8       1%          2
 Searing Ray              Conj           100%       2d8       1%          2
 Static Discharge         Conj/Air       35%        N/A       1%          2
 Sublimation of Blood     Necr           50%        N/A       1%          2
 Conjure Flame            Conj/Fire      45%        6-21      1%          3
 Frozen Ramparts          Ice            38%        1d5       1%          3
 Gell's Gravitas          Tloc           50%        N/A       1%          3
 Ignite Poison            Fire/Tmut/Pois 39%        N/A       1%          3
 Inner Flame              Hex/Fire       29%        N/A       1%          3
 Lesser Beckoning         Tloc           50%        N/A       1%          3
 Ozocubu's Armour         Ice            19%        N/A       1%          3
 Spider Form              Tmut/Pois      39%        N/A       1%          3
 Swiftness                Air            19%        N/A       1%          3
 Teleport Other           Tloc           50%        N/A       1%          3
 Tukima's Dance           Hex            20%        N/A       1%          3
 Animate Dead             Necr           25%        N/A       1%          4
 Flame Wave               Conj/Fire      45%        2d8       1%          4
 Fulminant Prism          Conj/Hex       18%        3d11      1%          4
 Ice Form                 Ice/Tmut       39%        N/A       1%          4
 Iskenderun's Mystic Bla  Conj/Tloc      51%        2d11      1%          4
 Leda's Liquefaction      Hex/Erth       19%        N/A       1%          4
 Petrify                  Tmut/Erth      56%        N/A       1%          4
 Sticky Flame             Conj/Fire      45%        2d6       1%          4
 Summon Ice Beast         Ice/Summ       62%        N/A       1%          4
 Summon Lightning Spire   Summ/Air       62%        N/A       1%          4
 Agony                    Necr           50%        N/A       1%          5
 Alistair's Intoxication  Tmut/Pois      26%        N/A       1%          5
 Borgnjor's Vile Clutch   Necr/Erth      26%        N/A       1%          5
 Iskenderun's Battlesphe  Conj           51%        2d10      1%          5
 Lee's Rapid Deconstruct  Erth           28%        3d16*     1%          5
 Manifold Assault         Tloc           50%        N/A       1%          5
 Summon Mana Viper        Hex/Summ       62%        N/A       1%          5
 Monstrous Menagerie      Summ           43%        N/A       1%          7
 Spellforged Servitor     Conj/Summ      35%        N/A       1%          7
 Summon Hydra             Summ           43%        N/A       1%          7
 Iron Shot                Conj/Erth      26%        9d6       2%          6
 Lightning Bolt           Conj/Air       17%        1d32      3%          5
 Dispersal                Tloc           25%        N/A       3%          6
 Cause Fear               Hex            10%        N/A       5%          4
 Freezing Cloud           Conj/Ice/Air   15%        6-21      5%          5
 Olgreb's Toxic Radiance  Pois           19%        N/A       6%          4
 Dragon Form              Tmut           28%        N/A       9%          7
 Metabolic Englaciation   Hex/Ice        9%         N/A       16%         5
 Conjure Ball Lightning   Conj/Air       17%        3x3d6     17%         6
 Simulacrum               Ice/Necr       17%        N/A       19%         6
 Lehudib's Crystal Spear  Conj/Erth      26%        10d7      67%         8
 Disjunction              Tloc           25%        N/A       82%         8
 Infestation              Necr           25%        N/A       82%         8
 Ozocubu's Refrigeration  Ice            9%         4d6       99%         7
 Ignition                 Fire           19%        3d7       99%         8
 Discord                  Hex            10%        N/A       100%        8
 Maxwell's Capacitive Co  Air            9%         ∞         100%        8
 Chain Lightning          Conj/Air       17%        3d23      100%        9
 Shatter                  Erth           28%        3d23*     100%        9
 Animate Armour           Summ/Erth      Unusable   N/A       N/A         4
 Portal Projectile        Hex/Tloc       Unusable   N/A       N/A         3
 Excruciating Wounds      Necr           Unusable   N/A       N/A         5

Dungeon Overview and Level Annotations

Branches:
Dungeon (15/15)            Temple (1/1) D:7            Lair (6/6) D:9
  Swamp (4/4) Lair:2        Snake (4/4) Lair:4        Slime (0/5) Lair:5
    Orc (2/2) D:11            Elf (3/3) Orc:2        Vaults (5/5) D:13
  Crypt (0/3) Vaults:3     Depths (4/4) D:15            Zot (5/5) Depths:4
  IceCv (visited)         Desolation (visited)      Gauntlet (visited)

Altars:
Ashenzari
Cheibriados
Dithmenos
Elyvilon
Fedhas
Gozag
Hepliaklqana
Kikubaaqudgha
Makhleb
Nemelex Xobeh
Okawaru
Qazlal
Ru
Sif Muna
Trog
Uskayaw
Vehumet
Wu Jian
Xom
Yredelemnul
Zin
The Shining One
Beogh
Jiyva
Lugonu

Shops:
D:1 !   D:7 *   D:10 [   D:12 (   D:14 [?[   Orc:2 [([=   Elf:2 [
Snake:1 *!::   Snake:4 !   Vaults:4 :[(   Depths:2 :

Portals:
Hell: Depths:1 Depths:2 Depths:3 Depths:4
Abyss: Snake:2 Depths:3 Depths:4
Pandemonium: Depths:1 Depths:2 Depths:3
Ziggurat: Depths:1
Trove: D:14 (give 4 scrolls of fog)

Annotations:
D:12 exclusion: 2 oklob plants
Lair:5 1 runed translucent door
Snake:3 2 transporters
Orc:1 2 runed translucent doors, exclusion: orange crystal statue
Elf:2 3 runed translucent doors
Zot:2 1 runed translucent door, exclusion: orb of fire, Ydwo's ghost, legendary MiFi
Zot:4 3 runed translucent doors, exclusion: 3 doors, Ustik's ghost, legendary GrMo


Innate Abilities, Weirdness & Mutations

You have sharp claws.
You have razor-sharp teeth.
You have supernaturally acute eyesight. (SInv)
You cover ground quickly. (Speed+)
Your thick and shaggy fur keeps you warm. (AC +3, rC+)
Your paws help you pounce on unaware monsters.
You are incapable of wielding weapons or throwing items.
You cannot wear armour.
You gain extra lives every three experience levels.
You possess an exceptional clarity of mind.
You are dopey. (Int -2)
Your flesh is heat resistant. (rF+)
Your magical capacity is low. (-10% MP)
Your spells are a little easier to cast, but a little less powerful.


Message History

There is a stone staircase leading down here.
Things that are here:
a +0 dire flail; a +0 dire flail
There is a staircase back to the Dungeon, spattered with blood here.
You climb upwards.
Welcome back to the Dungeon!
There is a staircase to the Depths here.
There is an open door here.
A glowing orange brain comes into view.
The glowing orange brain moves out of view.
You see here a +0 dagger.
The glowing orange brain turns its attention towards you.
The glowing orange brain blinks!
Casting: Passwall (safe; 0% risk of failure)
Confirm with . or Enter, or press ? or * to list all spells.
You call out to the draconic realm, and the dragon horde roars back!
A dragon arrives to answer your call!
Your storm dragon breathes lightning at the glowing orange brain.
The bolt of lightning hits the glowing orange brain!!
A dragon arrives to answer your call!
Your storm dragon bites the glowing orange brain!
Your storm dragon claws the glowing orange brain.
Your storm dragon tramples the glowing orange brain!
The glowing orange brain is shoved backwards!
The glowing orange brain dies!
(D) Dungeon (T) Temple (L) Lair (S) Swamp (P) Snake Pit (M) Slime Pits (O) Orcish Mines (E) Elven Halls (V) Vaults (C) Crypt (U) Depths (H) Hell (Z) Zot
Where to? (Enter - D:1 @ (x,y), ? - help)
There is a stone staircase leading up here.
You climb upwards.
There is a stone staircase leading down here.
There is a stone staircase leading up here.
You climb upwards.
There is a stone staircase leading down here.
Magic restored.
The roar of the dragon horde subsides.
You see here a +0 falchion.
There is a stone staircase leading up here.
You climb upwards.
Level annotation: exclusion: 2 oklob plants
There is a stone staircase leading down here.
There is a stone staircase leading up, spattered with blood here.
You can once more reach out to the dragon horde.
You climb upwards.
There is a stone staircase leading down here.
There is a stone staircase leading up here.
You climb upwards.
There is a stone staircase leading down here.
There is a stone staircase leading up here.
You climb upwards.
There is a stone staircase leading down here.
There is a stone staircase leading up here.
You climb upwards.
There is a stone staircase leading down here.
There is a stone staircase leading up here.
You climb upwards.
There is a stone staircase leading down here.
There is a stone staircase leading up here.
You climb upwards.
There is a stone staircase leading down here.
There is a stone staircase leading up here.
You climb upwards.
There is a stone staircase leading down here.
There is a stone staircase leading up here.
You climb upwards.
There is a stone staircase leading down here.
There is a stone staircase leading up here.
You climb upwards.
There is a stone staircase leading down here.
Items here: ( ))).
A Brimstone Fiend comes into view.
Unknown command.
Unknown command.
Unknown command.
There is a stone staircase leading up here.
You climb upwards.
There is a stone staircase leading down here.
(D) Dungeon (T) Temple (L) Lair (S) Swamp (P) Snake Pit (M) Slime Pits (O) Orcish Mines (E) Elven Halls (V) Vaults (C) Crypt (U) Depths (H) Hell (Z) Zot
Where to? (Enter - D:1 @ (x,y), ? - help)
You see here a +0 club.
You sense a monster nearby.
Unknown command.
There is a stone staircase leading up here.
You climb upwards.
There is a stone staircase leading down here.
(D) Dungeon (T) Temple (L) Lair (S) Swamp (P) Snake Pit (M) Slime Pits (O) Orcish Mines (E) Elven Halls (V) Vaults (C) Crypt (U) Depths (H) Hell (Z) Zot
Where to? (Enter - D:1 @ (x,y), ? - help)
There is an open door here.
There is a staircase leading out of the dungeon here.
Unknown command.
Unknown command.
Unknown command.
You have escaped!

#........# #.#+#. ########.#
###...#. #############.# #....∩..
..............# #.##.[#.
##################### #.#...#.
#.......## #.#.#...
#############.⌠...⌠..#####.#.##.#
............#..###.........#.....
###########.#..#@#..######.####..
#....#'#..# #....... #...⌠...⌠.#
#######. #.#.......# #.
#.##.##..##### ## #.##.##.#######
# #.##.........)#########
#.###.#........##....# #.#
#.#.#####..##.##.#


There were no monsters in sight!

Vanquished Creatures
  An ancient lich (Zot:5)
  Sojobo (Depths:1)
  2 curse toes
  9 golden dragons
  the Enchantress (Depths:1)
  2 hellephants (Depths:4)
  3 titans (Vaults:5)
  2 Orb Guardians (Zot:5)
  8 tentacled monstrosities
  3 sphinxes
  Gastronok (D:8)
  10 death cobs
  5 tengu reavers
  5 shadow dragons
  A thorn hunter (Swamp:4)
  3 fire giants
  5 storm dragons
  A draconian monk (Zot:1)
  A frost giant (shapeshifter) (Vaults:5)
  2 draconian scorchers
  A draconian knight (Zot:5)
  An iron dragon (Vaults:5)
  4 frost giants
  Aizul (Swamp:3)
  4 draconian shifters
  A spectral caustic shrike (Depths:3)
  5 vault wardens
  2 draconian stormcallers
  A ghoul (Swamp:4)
  13 ironbound preservers
  11 very ugly things
  3 spriggan defenders (Depths:1)
  9 stone giants
  A war gargoyle (Vaults:5)
  A lorocyproca (Depths:2)
  The ghost of Jakan the Bludgeoner, an adept VSIE of Uskayaw (D:14)
  2 deep elf demonologists (Elf:3)
  2 green draconians
  6 dire elephants
  2 purple draconians
  4 deep elf annihilators
  A black draconian (Zot:1)
  An eleionoma (Swamp:2)
  A spark wasp (Depths:3)
  A minotaur (Gauntlet)
  A halazid warlock (Desolation)
  3 white draconians
  4 red draconians
  2 yellow draconians
  3 ettins
  An entropy weaver (Vaults:3)
  2 crystal guardians (Desolation)
  2 fire dragons
  2 jiangshi (Depths:2)
  3 deep elf high priests
  A deep elf death mage (Elf:3)
  Fannar (Lair:1)
  A ragged hierophant (Vaults:4)
  The ghost of bgiannan the Cleaver, a journeyman HOFi of Beogh (Lair:1)
  12 nameless horrors
  4 yaktaur captains
  23 vault guards
  6 ice dragons
  An ironbound thunderhulk (Vaults:2)
  3 naga warriors (Snake:3)
  2 great orbs of eyes
  4 peacekeepers (Desolation)
  6 ironbound frosthearts
  13 hydras
  A rakshasa (D:9)
  2 servants of whispers (Desolation)
  3 anacondas
  9 centaur warriors
  2 spriggan air magi
  2 boulder beetles (Depths:1)
  3 catoblepae (Lair:6)
  11 two-headed ogres
  Erica (D:8)
  2 alligators (Swamp:4)
  8 death yaks
  2 deep troll shamans
  2 vampire magi (Depths:2)
  2 deep troll earth magi
  4 spriggan berserkers
  2 hell hogs (Depths:4)
  A naga sharpshooter (Snake:3)
  2 tengu warriors (D:15)
  Urug (D:12)
  2 hell knights (Vaults:5)
  3 deep elf knights (Elf:3)
  A shock serpent (Snake:4)
  Nergalle (Orc:1)
  A soul eater (Gauntlet)
  Sonja (Lair:3)
  A shadow wraith (Vaults:3)
  6 skeletal warriors
  An iron troll (Depths:3)
  2 goliath frogs
  A naga ritualist (Snake:2)
  24 deep trolls
  4 bog bodies
  4 phantasmal warriors (Vaults:5)
  2 glowing orange brains (Depths:1)
  A swamp dragon (Swamp:4)
  A spriggan druid (Swamp:3)
  A wizard (Depths:1)
  2 orc knights
  8 ironbound convokers
  2 lindwurms
  3 deep elf archers
  A harpy (Vaults:2)
  7 deep elf pyromancers
  2 deep elf zephyrmancers
  A golden dragon skeleton (Depths:3)
  A mana viper (Snake:1)
  An orc sorcerer (Orc:1)
  38 ugly things
  A necromancer (Vaults:3)
  5 manticores
  6 cyclopes
  An elephant (shapeshifter) (Depths:4)
  A salamander (Snake:3)
  A stone giant skeleton (Vaults:3)
  5 moths of wrath
  Maurice (D:8)
  Joseph (D:8)
  14 elephants
  A black mamba (shapeshifter) (D:14)
  10 vault sentinels
  8 black mambas
  4 gargoyles
  2 minotaur zombies (Gauntlet)
  3 torpor snails (Lair:4)
  Maggie (D:8)
  8 cane toads
  2 efreet
  10 yaktaurs
  9 komodo dragons
  A kobold demonologist (D:12)
  3 rime drakes (IceCv)
  4 freezing wraiths
  A yaktaur skeleton (Vaults:3)
  2 tengu conjurers (Depths:3)
  8 trolls
  6 meliai
  A tyrant leech (Lair:5)
  19 saltlings
  3 hornets
  24 slime creatures
  5 polar bears
  10 blink frogs
  A redback (Depths:1)
  Sigmund (D:3)
  3 spriggans
  A shadow (D:12)
  A tarantella (shapeshifter) (Vaults:5)
  A ynoxinul (Gauntlet)
  2 wyverns
  6 water elementals
  A vampire (D:13)
  53 yaks
  A fire elemental (Elf:3)
  5 vampire mosquitoes
  A steam dragon (D:4)
  4 basilisks
  A chaos spawn (Depths:2)
  An elf skeleton (Vaults:3)
  4 swamp worms (Lair:5)
  2 wargs
  An acid dragon (D:8)
  6 nagas
  15 water moccasins
  24 orc warriors
  A swamp drake (Swamp:4)
  A sky beast (D:8)
  2 black bears
  3 boggarts (Vaults:3)
  3 ogres
  19 wolves
  15 centaurs
  2 human skeletons (Vaults:3)
  2 phantoms
  9 bullfrogs
  2 kobold brigands
  A scorpion (D:7)
  An earth elemental (Elf:1)
  A water moccasin zombie (D:5)
  32 killer bees
  3 wights (D:9)
  5 electric eels
  3 centaur zombies
  2 jellies
  2 bullfrog skeletons
  A centaur skeleton (D:6)
  3 iron imps (Gauntlet)
  13 orc priests
  Jessica (D:3)
  2 iguanas
  20 orc wizards
  6 hell rats (Lair:4)
  A centaur simulacrum (D:9)
  12 gnolls
  8 adders
  2 river rats (D:9)
  2 shadow imps (Gauntlet)
  3 white imps
  An ufetubus (Vaults:3)
  5 dart slugs
  49 orcs
  6 ball pythons
  4 bats
  5 endoplasms
  5 giant cockroaches
  15 goblins
  9 hobgoblins
  2 jackals (D:4)
  51 kobolds
  9 quokkas
  A ball python (shapeshifter) (Vaults:5)
  A frilled lizard (D:1)
  4 rats
1095 creatures vanquished.

Vanquished Creatures (collateral kills)
  An ancient lich (Zot:5)
  An orb of fire (Zot:5)
  2 juggernauts (Depths:4)
  A shard shrike (IceCv)
  Saint Roka (Orc:2)
  2 curse toes
  Xtahua (Vaults:3)
  A Killer Klown (Zot:5)
  A caustic shrike (Depths:3)
  Nikola (Elf:1)
  6 golden dragons
  An electric golem (Zot:4)
  14 tentacled monstrosities
  Asterion (Depths:1)
  3 liches
  Mlioglotl (Swamp:1)
  6 quicksilver dragons
  A walking divine tome (Depths:4)
  5 Orb Guardians (Zot:5)
  A deep elf blademaster (Elf:3)
  2 deep elf master archers (Elf:3)
  3 sphinxes
  7 tengu reavers
  3 death cobs
  3 thorn hunters
  7 shadow dragons
  6 storm dragons
  A fenstrider witch (Swamp:4)
  Donald (Snake:4)
  15 nagarajas
  5 draconian monks
  5 fire giants
  3 iron dragons
  7 frost giants
  2 draconian knights
  12 vault wardens
  An imperial myrmidon (Desolation)
  5 draconian scorchers
  3 spectral caustic shrikes (Depths:3)
  Louise (Swamp:2)
  8 deep elf sorcerers
  A war gargoyle (Vaults:5)
  5 deep elf elementalists (Elf:3)
  2 draconian stormcallers (Zot:1)
  5 draconian shifters
  3 draconian annihilators
  2 ghouls (Swamp:4)
  18 very ugly things
  10 ironbound preservers
  A quicksilver ooze (shapeshifter) (Depths:3)
  4 deep elf demonologists
  6 stone giants
  2 spriggan defenders
  3 eleionomae
  7 deep elf annihilators
  14 green draconians
  A halazid warlock (Desolation)
  7 purple draconians
  7 white draconians
  3 black draconians
  9 yellow draconians
  4 spark wasps
  5 bunyips
  7 red draconians
  9 dire elephants
  7 ettins
  4 deep elf death magi
  6 crystal guardians
  3 shambling mangroves
  6 deep elf high priests (Elf:3)
  5 ragged hierophants (Desolation)
  13 yaktaur captains
  5 fire dragons
  2 salamander tyrants (Snake:4)
  6 great orbs of eyes
  9 hydras
  9 ironbound thunderhulks
  A rakshasa (Depths:1)
  10 vault guards
  6 servants of whispers (Desolation)
  5 ice dragons
  3 boulder beetles
  3 ogre magi
  2 ghost crabs
  6 peacekeepers
  11 anacondas
  12 ironbound frosthearts
  8 naga warriors
  2 spriggan air magi
  5 centaur warriors
  4 two-headed ogres
  10 dancing weapons
  6 alligators
  A satyr (shapeshifter) (Elf:2)
  A deep troll shaman (Depths:2)
  3 tengu warriors
  15 naga sharpshooters
  5 spriggan berserkers
  A vampire mage (Depths:2)
  A shock serpent (shapeshifter) (D:15)
  5 hell hogs (Depths:4)
  6 deep elf knights
  A soul eater (Depths:2)
  A storm dragon zombie (Depths:3)
  2 deep troll earth magi
  4 hell knights
  6 shock serpents
  6 iron trolls
  3 salamander mystics
  2 sixfirhies (Depths:2)
  4 skeletal warriors (Vaults:3)
  4 goliath frogs
  A golden dragon zombie (Depths:3)
  5 spriggan druids
  14 naga ritualists
  4 glowing orange brains
  A glowing orange brain (shapeshifter) (Depths:3)
  48 deep trolls
  An orange crystal statue (IceCv)
  A flayed ghost (Depths:2)
  10 swamp dragons (Swamp:4)
  11 bog bodies
  15 ironbound convokers
  A tengu zombie (Depths:3)
  12 wizards
  9 deep elf archers
  9 harpies (Vaults:2)
  8 lindwurms
  2 orb spiders (Depths:1)
  31 deep elf zephyrmancers
  2 orc knights (Vaults:5)
  22 deep elf pyromancers
  A necromancer (Depths:3)
  An orc sorcerer (Vaults:5)
  51 ugly things
  9 mana vipers
  2 will-o-the-wisps
  12 slime creatures
  10 salamanders
  20 moths of wrath
  A human zombie (Vaults:3)
  2 stone giant skeletons (Vaults:3)
  A tengu skeleton (Vaults:3)
  40 black mambas
  10 guardian serpents
  12 vault sentinels
  A frost giant skeleton (Vaults:3)
  2 molten gargoyles (Desolation)
  20 naga magi
  A smoke demon (Depths:2)
  2 orange demons (Depths:2)
  A spriggan skeleton (Depths:3)
  9 rime drakes (IceCv)
  12 yaktaurs
  2 yaktaur skeletons (Vaults:3)
  2 trolls (Orc:2)
  14 polar bears (IceCv)
  2 meliai (D:15)
  A bloated husk (Swamp:1)
  16 hornets
  30 saltlings
  5 tyrant leeches
  A redback (Vaults:3)
  2 air elementals
  15 spriggans
  7 water elementals
  3 nameless horrors
  3 fire elementals
  7 vampire mosquitoes
  An elf skeleton (Vaults:3)
  A neqoxec (Depths:2)
  A warg (shapeshifter) (Vaults:5)
  13 swamp worms
  A naga (shapeshifter) (Elf:3)
  32 nagas
  8 swamp drakes
  A floating eye (Depths:3)
  2 ettin simulacra (Vaults:3)
  13 orc warriors
  A boggart (Vaults:3)
  A wolf (Vaults:3)
  2 ogres
  A centaur (shapeshifter) (Elf:3)
  2 earth elementals
  An electric eel (Elf:3)
  4 orc priests (Orc:2)
  4 orc wizards (Orc:2)
  A white imp (Vaults:3)
  10 orcs
  9 briar patches (Swamp:4)
  A lurking horror (Snake:2)
1173 creatures vanquished.

Vanquished Creatures (others)
  A hellephant (Depths:4)
  An imperial myrmidon (Desolation)
  A draconian shifter (Zot:5)
  A centaur warrior (Vaults:1)
  2 deep elf knights
  2 deep elf pyromancers (Elf:3)
  A moth of wrath (Zot:4)
  2 bloated husks
  A saltling (Desolation)
  A shadow (D:12)
  Eustachio (D:4)
  A centaur (D:12)
  A briar patch (Swamp:4)
  2 foxfires (Swamp:4)
  26 fungi
  A lurking horror (Snake:2)
  95 plants
  2 starspawn tentacles (Swamp:1)
142 creatures vanquished.

Grand Total: 2410 creatures vanquished

Notes
Turn   | Place    | Note
-------+----------+-------------------------------------------
     0 | D:1      | EnegeticOcto the Felid Warper began the quest for the Orb.
     0 | D:1      | Reached XP level 1. HP: 9/9 MP: 4/4
    88 | D:1      | Reached skill level 1 in Stealth
   202 | D:1      | Reached skill level 2 in Stealth
   205 | D:1      | Reached XP level 2. HP: 5/13 MP: 6/6
   445 | D:1      | Reached skill level 3 in Stealth
   566 | D:1      | Found Fiomu's Distillery.
  1100 | D:1      | Reached skill level 4 in Dodging
  1131 | D:1      | Reached XP level 3. HP: 16/16 MP: 7/7
  1187 | D:1      | Learned a level 2 spell: Blink
  1493 | D:2      | Reached skill level 3 in Unarmed Combat
  1693 | D:2      | Reached XP level 4. HP: 19/19 MP: 8/8
  1964 | D:2      | Found a faded altar of an unknown god.
  2131 | D:3      | Noticed Sigmund
  2131 | D:3      | Noticed Jessica
  2363 | D:3      | Found a hide-covered altar of Uskayaw.
  2687 | D:4      | Noticed a steam dragon
  2699 | D:4      | Learned a level 2 spell: Passwall
  2739 | D:4      | Reached skill level 4 in Unarmed Combat
  2923 | D:4      | Identified the +6 morningstar of Dim Light {freeze, Will++
                  | Str+2}
  2933 | D:4      | Found a shimmering blue altar of Sif Muna.
  3024 | D:4      | Noticed Eustachio
  3089 | D:4      | Reached XP level 5. HP: 13/22 MP: 9/9
  3250 | D:3      | Killed Jessica
  4231 | D:4      | Reached skill level 5 in Unarmed Combat
  5305 | D:5      | Entered Level 5 of the Dungeon
  5305 | D:5      | Noticed a centaur
  5313 | D:5      | Killed a centaur
  5314 | D:5      | Reached skill level 4 in Stealth
  5314 | D:5      | Reached skill level 1 in Earth Magic
  5314 | D:5      | Gained mutation: You are covered in thick fur. (AC +2)
                  | [Felid growth]
  5314 | D:5      | Reached XP level 6. HP: 19/26 MP: 10/10
  5544 | D:5      | Reached skill level 5 in Stealth
  5544 | D:5      | Reached skill level 2 in Earth Magic
  5900 | D:5      | Found a bloodstained altar of Trog.
  6248 | D:5      | Reached XP level 7. HP: 23/30 MP: 11/11
  7013 | D:1      | Bought a potion of curing for 39 gold pieces
  7013 | D:1      | Bought a potion of curing for 39 gold pieces
  7013 | D:1      | Bought a potion of curing for 39 gold pieces
  7013 | D:1      | Bought a potion of might for 52 gold pieces
  7205 | D:5      | Reached skill level 6 in Unarmed Combat
  7467 | D:5      | Learned a level 3 spell: Stone Arrow
  8071 | D:6      | Reached skill level 1 in Conjurations
  8071 | D:6      | Reached skill level 3 in Earth Magic
  8278 | D:6      | Reached skill level 2 in Conjurations
  8564 | D:6      | Reached skill level 4 in Earth Magic
  8634 | D:6      | Reached skill level 3 in Conjurations
  8634 | D:6      | Reached XP level 8. HP: 33/33 MP: 6/12
  8882 | D:4      | Reached skill level 4 in Conjurations
  8996 | D:3      | Killed Sigmund
  8997 | D:3      | Reached skill level 5 in Dodging
  9348 | D:7      | Found a stormy altar of Qazlal.
  9355 | D:7      | Reached skill level 5 in Earth Magic
  9377 | D:7      | Noticed a gargoyle
  9514 | D:7      | Reached skill level 6 in Dodging
  9535 | D:7      | Found a glowing silver altar of Zin.
  9569 | D:7      | Found a staircase to the Ecumenical Temple.
  9572 | D:7      | Noticed a hornet
  9583 | D:7      | Killed a hornet
  9584 | D:7      | Reached skill level 3 in Fighting
  9645 | Temple   | Entered the Ecumenical Temple
  9905 | D:7      | Killed a gargoyle
  9906 | D:7      | Reached skill level 4 in Fighting
  9906 | D:7      | Reached skill level 7 in Dodging
  9906 | D:7      | Reached XP level 9. HP: 39/39 MP: 9/13
  9950 | D:7      | Found Gozag's Platinum Reserve.
  9950 | D:7      | Found an opulent altar of Gozag.
  9966 | D:7      | Reached skill level 8 in Dodging
 10285 | D:8      | Noticed Maurice
 10292 | D:8      | Killed Maurice
 10293 | D:8      | Reached skill level 2 in Evocations
 10401 | D:8      | Reached skill level 3 in Spellcasting
 10607 | D:8      | Noticed Gastronok
 11256 | D:8      | Noticed Maggie
 11268 | D:8      | Killed Maggie
 11269 | D:8      | Reached skill level 4 in Spellcasting
 11269 | D:8      | Reached skill level 6 in Earth Magic
 11318 | D:8      | Noticed Erica
 11342 | D:8      | Killed Erica
 11343 | D:8      | Reached skill level 3 in Evocations
 11343 | D:8      | Reached skill level 7 in Earth Magic
 11588 | D:8      | Noticed a two-headed ogre
 11598 | D:8      | Killed a two-headed ogre
 11599 | D:8      | Reached skill level 8 in Earth Magic
 11599 | D:8      | Reached XP level 10. HP: 42/42 MP: 8/17
 11623 | D:8      | Found a blossoming altar of Fedhas.
 11641 | D:8      | Noticed Joseph
 11658 | D:8      | Reached skill level 9 in Dodging
 11848 | D:8      | Killed Joseph
 11849 | D:8      | Reached skill level 10 in Dodging
 12501 | D:8      | Reached skill level 5 in Fighting
 12868 | D:8      | Learned a level 4 spell: Sticky Flame
 12948 | D:9      | Noticed a two-headed ogre
 13028 | D:9      | Noticed a death yak
 13031 | D:9      | Noticed a death yak
 13033 | D:9      | Noticed a death yak
 13092 | D:8      | Killed a death yak
 13093 | D:8      | Reached skill level 6 in Fighting
 13093 | D:8      | Reached skill level 2 in Fire Magic
 13386 | D:9      | Identified the +7 long sword "Amois" {venom, rPois rF+++
                  | rCorr Int-4}
 13386 | D:9      | Noticed a rakshasa
 13396 | D:9      | Killed a rakshasa
 13397 | D:9      | Reached skill level 3 in Fire Magic
 13397 | D:9      | Reached skill level 5 in Conjurations
 13563 | D:9      | Killed a two-headed ogre
 13564 | D:9      | Reached skill level 4 in Fire Magic
 13564 | D:9      | Reached XP level 11. HP: 48/48 MP: 10/18
 13644 | D:9      | Found a staircase to the Lair.
 13692 | D:9      | Killed a death yak
 13693 | D:9      | Reached skill level 5 in Fire Magic
 13705 | D:9      | Killed a death yak
 13706 | D:9      | Reached skill level 6 in Stealth
 14165 | D:9      | Noticed a two-headed ogre
 14168 | D:9      | Killed a two-headed ogre
 14169 | D:9      | Reached skill level 7 in Stealth
 14417 | D:9      | Noticed a centaur warrior
 14423 | D:9      | Learned a level 3 spell: Mephitic Cloud
 14429 | D:9      | Killed a centaur warrior
 14430 | D:9      | Reached skill level 11 in Dodging
 14748 | D:10     | Entered Level 10 of the Dungeon
 14793 | D:10     | Noticed a two-headed ogre
 14808 | D:10     | Killed a two-headed ogre
 14809 | D:10     | Reached skill level 8 in Stealth
 15117 | D:10     | Found Koucw's Armour Boutique.
 15176 | D:10     | Reached skill level 12 in Dodging
 15321 | D:10     | Found a glowing golden altar of the Shining One.
 15322 | D:10     | Found a snail-covered altar of Cheibriados.
 15323 | D:10     | Found an ornate altar of the Wu Jian Council.
 15325 | D:10     | Found a broken altar of Ashenzari.
 15327 | D:10     | Found a white marble altar of Elyvilon.
 15339 | D:10     | Became a worshipper of Ashenzari the Shackled
 15389 | Lair:1   | Entered Level 1 of the Lair of Beasts
 15424 | Lair:1   | Reached skill level 4 in Evocations
 15763 | Lair:1   | Noticed an eight-headed hydra
 15792 | Lair:1   | Killed an eight-headed hydra
 15793 | Lair:1   | Reached skill level 6 in Conjurations
 15932 | Lair:1   | Noticed Fannar
 15945 | Lair:1   | Killed from afar by Fannar
 15946 | Lair:1   | Reached XP level 10. HP: -4/46 MP: 5/18
 16000 | Lair:1   | Reached skill level 5 in Spellcasting
 16006 | Lair:1   | Reached XP level 11. HP: 47/49 MP: 3/19
 16090 | Lair:1   | Reached skill level 7 in Fighting
 16186 | Lair:1   | Noticed a four-headed hydra
 16219 | Lair:1   | Killed a four-headed hydra
 16254 | Lair:1   | Found a runed translucent door.
 16254 | Lair:1   | Noticed bgiannan's ghost (journeyman HOFi)
 16673 | Lair:1   | Killed Fannar
 16803 | Lair:1   | Killed bgiannan's ghost
 16863 | Lair:2   | Reached skill level 6 in Spellcasting
 17018 | Lair:2   | Reached skill level 8 in Fighting
 17175 | Lair:2   | Reached skill level 1 in Transmutations
 17243 | Lair:2   | Reached skill level 2 in Transmutations
 17282 | Lair:2   | Reached skill level 3 in Transmutations
 17309 | Lair:2   | Reached skill level 4 in Transmutations
 17603 | Lair:2   | Found a staircase to the Swamp.
 17731 | Lair:2   | Reached skill level 5 in Transmutations
 17745 | Lair:2   | Learned a level 5 spell: Irradiate
 17749 | Lair:2   | Noticed a four-headed hydra
 17784 | Lair:2   | Killed a four-headed hydra
 17785 | Lair:2   | Reached skill level 6 in Transmutations
 18214 | Lair:3   | Noticed Sonja
 18220 | Lair:3   | Killed Sonja
 18228 | Lair:3   | Reached * piety under Ashenzari
 18228 | Lair:3   | Reached ** piety under Ashenzari
 18312 | Lair:3   | Reached skill level 7 in Summonings
 18312 | Lair:3   | Gained mutation: Your thick and shaggy fur keeps you warm.
                  | (AC +3, rC+) [Felid growth]
 18312 | Lair:3   | Reached XP level 12. HP: 55/55 MP: 22/22
 18515 | Lair:3   | Reached skill level 7 in Transmutations
 18787 | Lair:3   | Reached XP level 13. HP: 58/58 MP: 14/24
 18981 | Lair:3   | Reached skill level 7 in Spellcasting
 19173 | Lair:4   | Found a staircase to the Snake Pit.
 19279 | Lair:4   | Reached skill level 9 in Stealth
 19725 | Lair:4   | Reached skill level 10 in Stealth
 19805 | Lair:4   | Found a snail-covered altar of Cheibriados.
 20082 | Lair:4   | Reached skill level 9 in Fighting
 21162 | Lair:5   | Reached skill level 10 in Fighting
 21874 | Lair:5   | Identified the +0 scale mail "Quowir" {Str+5}
 21979 | Lair:5   | Reached skill level 7 in Unarmed Combat
 22001 | Lair:5   | Reached *** piety under Ashenzari
 22001 | Lair:5   | Reached **** piety under Ashenzari
 22575 | Lair:5   | Found a runed translucent door.
 22576 | Lair:5   | Found a viscous altar of Jiyva.
 22577 | Lair:5   | Noticed an acid blob
 22578 | Lair:5   | Found a staircase to the Slime Pits.
 22709 | Lair:6   | Entered Level 6 of the Lair of Beasts
 22720 | Lair:6   | Reached skill level 8 in Summonings
 22983 | Lair:6   | Reached skill level 9 in Summonings
 22988 | Lair:6   | Reached ***** piety under Ashenzari
 22988 | Lair:6   | Reached ****** piety under Ashenzari
 23062 | Lair:6   | Found a burning altar of Makhleb.
 23374 | Lair:6   | Learned a level 6 spell: Statue Form
 23693 | Lair:6   | Reached skill level 10 in Summonings
 23705 | Lair:6   | Reached XP level 14. HP: 65/66 MP: 0/25
 24222 | Lair:6   | Reached skill level 11 in Summonings
 24485 | D:8      | Killed Gastronok
 24605 | D:4      | Killed Eustachio
 24728 | D:11     | Found a staircase to the Orcish Mines.
 24935 | D:11     | Reached skill level 12 in Summonings
 25579 | D:12     | Reached skill level 13 in Summonings
 25630 | D:12     | Noticed Urug
 25649 | D:12     | Killed Urug
 25665 | D:12     | Found Kiutto Kijo's Antique Weapon Shoppe.
 25977 | D:12     | Killed from afar by a crystal guardian
 25978 | D:12     | Reached XP level 13. HP: -23/79 MP: 24/24
 26031 | D:13     | Reached skill level 14 in Summonings
 26172 | D:13     | Found a gate to the Vaults.
 26579 | D:13     | Reached XP level 14. HP: 47/66 MP: 26/26
 26999 | D:14     | Found a runed translucent gate.
 26999 | D:14     | Found a runed translucent gate.
 27002 | D:14     | Found a runed translucent gate.
 27003 | D:14     | Noticed Jakan's ghost (adept VSIE)
 27004 | D:14     | Identified the +1 arbalest "Bigh" {elec, Int+4}
 27009 | D:14     | Killed Jakan's ghost
 27027 | D:14     | Found Hawniff's Magic Scroll Shoppe.
 27067 | D:14     | Reached skill level 8 in Spellcasting
 27260 | D:14     | Found a portal to a secret trove of treasure.
 27483 | D:14     | Found Laeseimao's Antique Armour Emporium.
 27492 | D:14     | Reached skill level 15 in Summonings
 27577 | D:14     | Bought a scroll of fog for 28 gold pieces
 27577 | D:14     | Bought a scroll of fear for 49 gold pieces
 27577 | D:14     | Bought a scroll of blinking for 105 gold pieces
 27579 | D:14     | Found Liepuvea's Armour Boutique.
 28004 | D:14     | Learned a level 9 spell: Dragon's Call
 28057 | Orc:1    | Entered Level 1 of the Orcish Mines
 28205 | Orc:1    | Noticed Nergalle
 28296 | Orc:1    | Found a runed translucent door.
 28300 | Orc:1    | Found the +10 tower shield of Ignorance {rN+ Int-4}
 28321 | Orc:1    | Reached skill level 9 in Spellcasting
 28321 | Orc:1    | Killed Nergalle
 28700 | Orc:1    | Found a runed translucent door.
 28764 | Orc:2    | Entered Level 2 of the Orcish Mines
 28791 | Orc:2    | Found Sogumab's Jewellery Shop.
 28813 | Orc:2    | Found a gate leading to a gauntlet.
 28823 | Gauntlet | Entered a Gauntlet
 28823 | Gauntlet | Found a transporter.
 28823 | Gauntlet | Found a runed translucent gate.
 28823 | Gauntlet | Found a transporter.
 28825 | Gauntlet | Found a transporter.
 28826 | Gauntlet | Found a runed translucent gate.
 28827 | Gauntlet | Found a runed translucent gate.
 28845 | Gauntlet | Found a transporter.
 28853 | Gauntlet | Found a transporter.
 28857 | Gauntlet | Found a transporter.
 28865 | Gauntlet | Found a transporter.
 28881 | Gauntlet | Found a transporter.
 28883 | Gauntlet | Identified the +1 pair of boots "Xowoore" {Int+3}
 28895 | Gauntlet | Found a transporter.
 28899 | Gauntlet | Found a transporter.
 28907 | Gauntlet | Found a transporter.
 28911 | Gauntlet | Found a transporter.
 29098 | Gauntlet | Identified the +9 shortbow of Twilight {freeze, rElec Str+3
                  | Int+3 Dex-4}
 29103 | Gauntlet | Identified a scroll of acquirement
 29385 | Orc:2    | Found Raog's Antique Armour Shop.
 29649 | Orc:2    | Acquired the ring "Obauchan" {Will++ Dex+3 Slay+4}
 29765 | Orc:2    | Found a staircase to the Elven Halls.
 29783 | Orc:2    | Found Gobyic's Antique Weapon Boutique.
 29789 | Orc:2    | Noticed Saint Roka
 29792 | Orc:2    | Found Ziogias's Antique Armour Shop.
 30270 | D:15     | Entered Level 15 of the Dungeon
 30511 | D:15     | Reached skill level 10 in Spellcasting
 30518 | D:15     | Reached skill level 16 in Summonings
 30684 | D:15     | Reached XP level 15. HP: 69/69 MP: 27/30
 30912 | D:15     | Found a staircase to the Depths.
 31651 | Snake:1  | Entered Level 1 of the Snake Pit
 31659 | Snake:1  | Reached skill level 11 in Spellcasting
 31662 | Snake:1  | Found Vyoseoq's Distillery.
 31666 | Snake:1  | Found Duofaes's Book Boutique.
 31666 | Snake:1  | Found Looxu's Assorted Antiques.
 31671 | Snake:1  | Found Aqial's Book Boutique.
 31684 | Snake:1  | Found a frozen archway.
 31693 | IceCv    | Entered an ice cave
 31826 | IceCv    | Reached skill level 17 in Summonings
 32265 | IceCv    | Noticed a shard shrike
 32529 | IceCv    | Reached skill level 12 in Spellcasting
 32936 | IceCv    | Killed a shard shrike
 32998 | IceCv    | Identified the ring "Zoew" {Ice rCorr}
 33208 | Snake:1  | Bought a potion of invisibility for 128 gold pieces
 33208 | Snake:1  | Bought a potion of brilliance for 64 gold pieces
 33208 | Snake:1  | Bought 2 potions of curing for 96 gold pieces
 33208 | Snake:1  | Bought a potion of haste for 160 gold pieces
 33208 | Snake:1  | Bought a potion of magic for 128 gold pieces
 33220 | Snake:1  | Gained mutation: Your flesh is heat resistant. (rF+)
                  | [potion of mutation]
 33220 | Snake:1  | Gained mutation: Your spells are a little easier to cast,
                  | but a little less powerful. [potion of mutation]
 33221 | Snake:1  | Bought a potion of mutation for 128 gold pieces
 33221 | Snake:1  | Bought 2 potions of mutation for 256 gold pieces
 33221 | Snake:1  | Bought a potion of mutation for 128 gold pieces
 33301 | Snake:1  | Reached XP level 16. HP: 73/73 MP: 15/33
 34108 | Snake:2  | Reached skill level 18 in Summonings
 34117 | Snake:2  | Reached skill level 13 in Spellcasting
 34300 | Snake:2  | Found a corrupted altar of Lugonu.
 34300 | Snake:2  | Found a one-way gate to the infinite horrors of the Abyss.
 34916 | Snake:3  | Reached skill level 19 in Summonings
 35104 | Snake:3  | Found a transporter.
 35570 | Snake:3  | Found a transporter.
 35570 | Snake:3  | Found a transporter.
 35573 | Snake:3  | Reached skill level 11 in Fighting
 35645 | Snake:3  | Found a transporter.
 35646 | Snake:3  | Found a transporter.
 35684 | Snake:3  | Found a transporter.
 36071 | Snake:4  | Entered Level 4 of the Snake Pit
 36071 | Snake:4  | Found Waetzu Qoer's Distillery.
 36075 | Snake:4  | Bought a potion of curing for 39 gold pieces
 36088 | Snake:4  | Noticed Donald
 36109 | Snake:4  | Reached XP level 17. HP: 77/78 MP: 18/35
 36418 | Snake:4  | Identified Hunaopeuda's Tome of Confrontation
 36471 | Snake:4  | Reached skill level 12 in Fighting
 36678 | Snake:4  | Reached skill level 13 in Fighting
 36678 | Snake:4  | Reached skill level 14 in Spellcasting
 36772 | Snake:4  | Reached skill level 14 in Fighting
 36800 | Snake:4  | Got a serpentine rune of Zot
 36948 | Snake:4  | Reached skill level 15 in Fighting
 37300 | Snake:4  | Killed Donald
 37366 | Snake:4  | Reached skill level 5 in Evocations
 37734 | Swamp:1  | Entered Level 1 of the Swamp
 37743 | Swamp:1  | Noticed Mlioglotl
 37750 | Swamp:1  | Killed Mlioglotl
 38049 | Swamp:1  | Reached skill level 13 in Dodging
 38164 | Swamp:1  | Reached skill level 6 in Evocations
 38292 | Swamp:1  | Identified the +6 scale mail of the Wilderness {rF++ rCorr
                  | Int+2}
 38359 | Swamp:1  | Learned a level 3 spell: Vampiric Draining
 38367 | Swamp:1  | Learned a level 7 spell: Haunt
 38485 | Swamp:2  | Reached skill level 16 in Fighting
 38485 | Swamp:2  | Reached skill level 1 in Necromancy
 38487 | Swamp:2  | Reached XP level 18. HP: 90/90 MP: 17/37
 38768 | Swamp:2  | Noticed Louise
 38773 | Swamp:2  | Killed Louise
 38778 | Swamp:2  | Reached skill level 2 in Necromancy
 39033 | Swamp:3  | Reached skill level 7 in Evocations
 39088 | Swamp:3  | Reached skill level 3 in Necromancy
 39192 | Swamp:3  | Noticed Aizul
 39199 | Swamp:3  | Killed Aizul
 39202 | Swamp:3  | Reached skill level 14 in Dodging
 39645 | Swamp:4  | Entered Level 4 of the Swamp
 39803 | Swamp:4  | Reached skill level 4 in Necromancy
 39805 | Swamp:4  | Reached skill level 8 in Evocations
 40142 | Swamp:4  | Reached skill level 15 in Dodging
 40142 | Swamp:4  | Reached skill level 9 in Evocations
 40473 | Swamp:4  | Got a decaying rune of Zot
 41164 | Orc:2    | Killed Saint Roka
 41165 | Orc:2    | Reached skill level 10 in Evocations
 41326 | Elf:1    | Entered Level 1 of the Elven Halls
 41333 | Elf:1    | Reached skill level 16 in Dodging
 41684 | Elf:1    | Noticed Nikola
 41690 | Elf:1    | Killed Nikola
 41691 | Elf:1    | Reached skill level 17 in Dodging
 42163 | Elf:1    | Reached XP level 19. HP: 87/94 MP: 13/38
 42292 | Elf:1    | Identified the Grimoire of the Entourage
 42582 | Elf:2    | Reached skill level 8 in Unarmed Combat
 42609 | Elf:2    | Found Poaludyrch's Armour Emporium.
 43017 | Elf:2    | Found a runed translucent gate.
 43018 | Elf:2    | Found a runed translucent gate.
 43018 | Elf:2    | Found a runed translucent gate.
 43092 | Elf:3    | Entered Level 3 of the Elven Halls
 43127 | Elf:3    | Identified the +1 leather armour of Anaesthesia {rCorr}
 43326 | Elf:3    | Reached skill level 9 in Unarmed Combat
 43395 | Elf:3    | Identified the amulet of Mosuikh {Acrobat Regen+}
 43660 | Elf:3    | Reached skill level 15 in Spellcasting
 43840 | Elf:3    | Identified Tecid's Grimoire of Earth
 44265 | Elf:3    | Reached skill level 10 in Unarmed Combat
 44775 | Elf:3    | Identified the +8 great sword "Orhuze" {vorpal, Fly Int+3}
 44843 | Elf:3    | Identified the +11 fustibalus of the Inferno {freeze,
                  | Str+5}
 44845 | Elf:3    | Identified the +2 spear of the Shoals {vorpal, rC+ rCorr}
 44853 | Elf:3    | Found the +3 robe of Clouds {*Thunder rCloud rElec}
 44854 | Elf:3    | Identified the +6 hunting sling "Vixoras" {venom, Dex+3}
 44856 | Elf:3    | Identified the Collected Works on Battle Magic
 44858 | Elf:3    | Identified the Compendium of the Escort and Conjuration
 45607 | Elf:3    | Reached skill level 11 in Unarmed Combat
 45607 | Elf:3    | Reached skill level 20 in Summonings
 45607 | Elf:3    | Reached XP level 20. HP: 98/98 MP: 40/40
 45789 | Vaults:1 | Entered Level 1 of the Vaults
 45962 | Vaults:1 | Identified the Guide on Attacks
 45971 | Vaults:1 | Reached skill level 12 in Unarmed Combat
 45982 | Vaults:1 | Reached skill level 16 in Spellcasting
 45992 | Vaults:1 | Reached XP level 21. HP: 102/102 MP: 21/42
 46595 | Vaults:1 | Reached skill level 13 in Unarmed Combat
 47356 | Vaults:2 | Reached skill level 14 in Unarmed Combat
 47510 | Vaults:2 | Reached skill level 21 in Summonings
 47513 | Vaults:2 | Reached skill level 15 in Unarmed Combat
 49715 | Vaults:3 | Reached skill level 16 in Unarmed Combat
 49715 | Vaults:3 | Noticed Xtahua
 49720 | Vaults:3 | Killed Xtahua
 49721 | Vaults:3 | Reached XP level 22. HP: 106/106 MP: 23/43
 49769 | Vaults:3 | Reached skill level 18 in Dodging
 49773 | Vaults:3 | Found a staircase to the Crypt.
 51207 | Vaults:4 | Reached skill level 17 in Spellcasting
 51215 | Vaults:4 | Found Iddel's Antique Weapon Shoppe.
 51217 | Vaults:4 | Found a crumbling gateway.
 51232 | Desolati | Entered the Desolation of Salt
 51246 | Desolati | Reached skill level 17 in Unarmed Combat
 51557 | Desolati | Identified the +1 scale mail of Vijuozxe {Will++}
 51557 | Desolati | Identified the amulet "Omuedwai" {Reflect Fly SH+5}
 51558 | Desolati | Identified the ring "Revuiwa" {rN+ Int+6 Dex+2}
 51670 | Desolati | Identified the ring of Midnight {Str+3 Int+7 SInv}
 51675 | Desolati | Identified the +8 dagger of Okawaru's Reproof {antimagic,
                  | rF+}
 51678 | Desolati | Identified Ebroseun's Collected Works on the Escort and
                  | Clay
 51688 | Desolati | Found the +5 robe of Misfortune {Contam Harm *Corrode Drain
                  | *Slow EV+5}
 51706 | Desolati | Learned a level 8 spell: Summon Horrible Things
 51773 | Desolati | Identified the +3 quarterstaff of Judgement {drain, rC+
                  | Dex+6}
 51788 | Desolati | Identified the +1 flail "Xesch" {spect, rElec}
 51790 | Desolati | Identified the +8 longbow of Cobwebs {flame, *Corrode rF-
                  | rC+++ rN++}
 51791 | Desolati | Identified the +5 dagger of Muesophuuwi {antimagic, rN+
                  | Will+ Dex-5}
 52907 | Vaults:4 | Reached skill level 18 in Unarmed Combat
 52909 | Vaults:4 | Found Fitoirche's Book Shoppe.
 52909 | Vaults:4 | Found Roclamal's Armour Shop.
 52986 | Vaults:4 | Reached skill level 18 in Spellcasting
 53226 | Vaults:4 | Reached XP level 23. HP: 64/110 MP: 24/46
 53781 | Depths:1 | Entered Level 1 of the Depths
 53800 | Depths:1 | Noticed the Enchantress
 53806 | Depths:1 | Killed the Enchantress
 53945 | Depths:1 | Noticed Sojobo
 53956 | Depths:1 | Killed Sojobo
 54164 | Depths:1 | Reached skill level 19 in Unarmed Combat
 54206 | Depths:1 | Found a one-way gate leading to the halls of Pandemonium.
 54253 | Depths:1 | Noticed Asterion
 54261 | Depths:1 | Killed Asterion
 54350 | Depths:1 | Reached skill level 19 in Spellcasting
 54612 | Depths:1 | Found a gateway to a ziggurat.
 54804 | Depths:1 | Found a gateway to Hell.
 55313 | Depths:2 | Gained mutation: You possess an exceptional clarity of
                  | mind. [a neqoxec]
 55318 | Depths:2 | Reached skill level 20 in Unarmed Combat
 55328 | Depths:2 | Learned a level 6 spell: Death Channel
 55367 | Depths:2 | Reached skill level 19 in Dodging
 55375 | Depths:2 | Reached skill level 5 in Translocations
 56013 | Depths:2 | Found Vuaffuj's Book Shoppe.
 56653 | Depths:3 | Paralysed by a floating eye for 4 turns
 56666 | Depths:3 | Identified the amulet of the Scorching Genius {Acrobat
                  | Rampage Fly rF- rC++}
 56670 | Depths:3 | Noticed a caustic shrike
 56708 | Depths:3 | Killed a caustic shrike
 57145 | Depths:3 | Reached XP level 24. HP: 115/115 MP: 26/47
 57292 | Depths:3 | Reached skill level 8 in Transmutations
 57292 | Depths:3 | Reached skill level 11 in Evocations
 57398 | Depths:3 | HP: 6/149 [frost giant/bolt of cold (47)]
 57409 | Depths:3 | HP: 7/149 [frost giant/bolt of cold (35)]
 57410 | Depths:3 | Killed from afar by a frost giant
 57411 | Depths:3 | Reached XP level 23. HP: -19/144 MP: 16/47
 57942 | Depths:3 | Reached skill level 9 in Earth Magic
 58294 | Depths:4 | Entered Level 4 of the Depths
 58294 | Depths:4 | Found a corrupted altar of Lugonu.
 58486 | Depths:4 | Noticed a juggernaut
 58493 | Depths:4 | Killed a juggernaut
 58633 | Depths:4 | Reached skill level 20 in Dodging
 58833 | Depths:4 | Found a gate to the Realm of Zot.
 58838 | Depths:4 | Reached skill level 9 in Transmutations
 58926 | Depths:4 | Noticed a juggernaut
 58934 | Depths:4 | Killed a juggernaut
 58962 | Depths:4 | Reached skill level 17 in Fighting
 58970 | Depths:4 | Reached skill level 12 in Evocations
 59012 | Depths:4 | Found a sacrificial altar of Ru.
 59601 | Vaults:5 | Entered Level 5 of the Vaults
 59803 | Vaults:5 | Reached skill level 10 in Transmutations
 59803 | Vaults:5 | Reached skill level 10 in Earth Magic
 59889 | Vaults:5 | Reached skill level 21 in Dodging
 59890 | Vaults:5 | Reached skill level 13 in Evocations
 59890 | Vaults:5 | Reached XP level 24. HP: 73/117 MP: 43/47
 59933 | Vaults:5 | Reached skill level 18 in Fighting
 60026 | Vaults:5 | Identified the ring "Sath" {rCorr Int+3}
 60080 | Vaults:5 | Identified the +4 morningstar of Dullness {freeze, +Blink
                  | rElec rCorr Dex+3}
 60080 | Vaults:5 | Identified the ring of Fitaed {rPois rC+ Str-3 Dex+2 SInv}
 60101 | Vaults:5 | Reached skill level 14 in Evocations
 60441 | Vaults:5 | Identified the +1 chain mail "Ugganatzea" {rPois}
 60442 | Vaults:5 | Identified the +6 shortbow of the Globe {vorpal, Int+3}
 60485 | Vaults:5 | Reached skill level 22 in Dodging
 60606 | Vaults:5 | Identified the Handbook of Calling
 60617 | Vaults:5 | Got a silver rune of Zot
 61651 | Zot:1    | Entered Level 1 of the Realm of Zot
 61919 | D:7      | Bought the ring of Gosusony {rElec rPois rC+ Int+4} for
                  | 4940 gold pieces
 62181 | Zot:1    | Acquired the ring "Hiewk" {MP+9 EV+4 Int-4 Slay+3}
 62502 | Zot:1    | Identified the +5 triple sword of Duty {elec, Fly rCorr
                  | Str+4 Int-4}
 62769 | Zot:2    | Found a runed translucent door.
 62773 | Zot:2    | Noticed Ydwo's ghost (legendary MiFi)
 63017 | Zot:2    | Reached skill level 15 in Evocations
 63244 | Zot:2    | Reached XP level 25. HP: 111/123 MP: 31/47
 63589 | Zot:2    | Noticed an orb of fire
 63703 | Zot:3    | Reached skill level 21 in Unarmed Combat
 64357 | Zot:3    | Identified the +5 halberd of the Little People {venom,
                  | rElec rC++ Str-5 SInv}
 64363 | Zot:3    | Reached skill level 22 in Unarmed Combat
 65002 | Zot:4    | Found a runed translucent gate.
 65002 | Zot:4    | Found a runed translucent gate.
 65002 | Zot:4    | Found a runed translucent gate.
 65006 | Zot:4    | Noticed Ustik's ghost (legendary GrMo)
 65007 | Zot:4    | Identified the +0 cloak "Peguck" {rElec rF+}
 65472 | Zot:4    | Reached skill level 23 in Unarmed Combat
 66334 | Zot:5    | Entered Level 5 of the Realm of Zot
 66334 | Zot:5    | Noticed an orb of fire
 66334 | Zot:5    | Identified the +1 leather armour of Sokh {Dex+4}
 66337 | Zot:5    | Gained mutation: You are dopey. (Int -2) [an orb of fire]
 66342 | Zot:5    | Gained mutation: Your magical capacity is low. (-10% MP)
                  | [an orb of fire]
 66348 | Zot:5    | Killed an orb of fire
 66874 | Zot:5    | Reached skill level 24 in Unarmed Combat
 67112 | Zot:5    | Noticed an ancient lich
 67115 | Zot:5    | Killed an ancient lich
 67598 | Zot:5    | Noticed a Killer Klown
 67605 | Zot:5    | Killed a Killer Klown
 67640 | Zot:5    | Learned a level 1 spell: Apportation
 67640 | Zot:5    | Noticed an ancient lich
 67647 | Zot:5    | Killed an ancient lich
 67648 | Zot:5    | Reached XP level 26. HP: 127/127 MP: 8/42
 67900 | Zot:5    | Noticed an ancient lich
 67900 | Zot:5    | Noticed an orb of fire
 67900 | Zot:5    | Noticed an orb of fire
 67900 | Zot:5    | Noticed an ancient lich
 67900 | Zot:5    | Noticed an ancient lich
 67900 | Zot:5    | Noticed an ancient lich
 67901 | Zot:5    | Noticed a dread lich
 67905 | Zot:5    | Got the Orb of Zot
 67907 | Zot:5    | Noticed a dread lich
 67907 | Zot:5    | Noticed an orb of fire
 68396 | D:$      | Escaped with the Orb!

Illustrated notes

Levels and vault maps discovered:
D:1:      scummos_arrival_simple_fountains, layout_basic, serial_shops, shop
D:2:      layout_loops_ring, shapermc_ecumenical_altar_petra
D:3:      layout_basic, nicolae_overflow_crystal_walls, uniq_sigmund,
          uniq_jessica
D:4:      layout_basic, lemuel_blue_sif_altar, gup_sewer_entry_pipe,
          uniq_eustachio
D:5:      minmay_goblin_kobold_castle, layout_basic, trog_hazing_becter
D:6:      layout_cave_pods
D:7:      layout_basic, nicolae_gozag_zags_fifth_avenue, lemuel_tele_altar,
          nicolae_qazlal_scattered_showers,
          minmay_temple_entry_drinking_statues, grunt_ministairs_2
D:8:      layout_basic, fedhas_altar_1, grunt_decor_arrowhead, uniq_maurice,
          uniq_joseph, uniq_maggie, uniq_gastronok, uniq_erica
D:9:      layout_rooms, dpeg_lair_monsters, serial_bayou, serial_bayou_lagoon_a,
          serial_bayou_lagoon_b, serial_bayou_pond_b, serial_bayou_pond_c,
          kb_rosetta
D:10:     layout_cave_pools, minitemple, serial_shops, shop
D:11:     layout_basic, orc_0_dummy
D:12:     regret_index_harrowing_hell_hive, layout_rooms, serial_shops,
          kennysheep_mini, uniq_urug
D:13:     layout_rooms, david_vaults_2, hangedman_decor_peaks_small
D:14:     layout_roguey, ebering_ghost_rock_garden, enter_trove_5, serial_shops,
          nicolae_shop_behind_doors, nicolae_square_shop, nicolae_square_shop
D:15:     gammafunk_enter_depths_forms, layout_stronghold, hangedman_decor_push
Temple:   compressed_dpeg_circular_temple
Lair:1:   layout_regular_city, hellmonk_ghost_happy_afterlife,
          grunt_megastairs_3, uniq_fannar
Lair:2:   layout_cave_pods, swamp_mist_pool, serial_bayou_pond_b
Lair:3:   layout_cave_pods, uniq_sonja
Lair:4:   layout_cave_pods, guppyfry_snake_entry_island, kennysheep_snail_temple
Lair:5:   layout_misc_corridors, slime_altar_2, worms_lemuel
Lair:6:   evilmike_catoblepas_cave, layout_regular_city, basic_altar
Swamp:1:  layout_falls_marsh, evilmike_swamp_ruin_house_5,
          infiniplex_staircase_pool, uniq_mlioglotl
Swamp:2:  layout_falls_marsh, hangedman_swamp_ruin_wall, swamp_pool2,
          uniq_louise
Swamp:3:  layout_falls_marsh, evilmike_swamp_ruin_rubble_2, swamp_pool1,
          nicolae_swamp_tree_designs, uniq_aizul
Swamp:4:  swamp_basic_johnstein, layout_basic_swamp
Snake:1:  layout_layer_cave, portal_ice_cave_entry_pillars_four,
          chequers_hall_statues_corner_a, minmay_shoptagon, serial_bayou_shore_b
Snake:2:  layout_gridlike, amcnicky_altar_lugonu_corruption, grunt_megastairs_2,
          lemuel_fruit_tree
Snake:3:  layout_honeycomb, serial_nicolae_subway, nicolae_sub_station_stone,
          nicolae_sub_station_crystal, nicolae_sub_station_metal
Snake:4:  grunt_snake_rune_spirals, layout_onion, serial_shops,
          nicolae_shop_hallway_stairs, st_stairs_14, uniq_donald
Orc:1:    nicolae_orc_accident_2, layout_caves,
          chequers_guarded_unrand_ignorance, uniq_nergalle
Orc:2:    grunt_orc_community_town_hall, layout_caves,
          grunt_orc_community_big_house_2, grunt_orc_community_big_house_2,
          grunt_orc_community_house_3, grunt_orc_community_house_3,
          grunt_orc_community_house_2, grunt_orc_community_house_1,
          gauntlet_entry_generic
Elf:1:    eino_elf_arrival_shootout, layout_onion_city, minmay_elf_demonology,
          nicolae_elf_m_pinch, uniq_nikola
Elf:2:    nicolae_elf_blades_crystal_corner, layout_rooms, serial_shops,
          nicolae_shop_stone, nrook_loot_triangle, lemuel_flame_loot_1,
          uniq_saint_roka
Elf:3:    minmay_elf_hall_x, layout_geoelf_castle
Vaults:1: hangedman_vaults_stream, hangedman_vaults_corner, v_rooms_5,
          hangedman_vaults_corner_blocks, vaults_room_fours,
          ontoclasm_vaults_decontamination, ontoclasm_vaults_fault,
          vaults_room_door_ring, grunt_vaults_diagonal, vaults_room_pool,
          ontoclasm_vaults_ring_small, nicolae_vaults_alarming,
          ontoclasm_vaults_eye, nicolae_vaults_little_squares_5,
          layout_vaults_omnicross
Vaults:2: nicolae_vaults_hallways_thing, hangedman_vaults_stagger, v_pattern_3,
          nicolae_vaults_network_s, nicolae_vaults_border_crossing,
          nicolae_vaults_theta, layout_vaults_omnigrid
Vaults:3: ontoclasm_vaults_echo, vaults_mumra_hexcomb,
          minmay_crypt_entry_skeletal_spiral, vaults_room_fancy_cross,
          ontoclasm_vaults_claustrophobia, nicolae_vaults_back_hallway,
          v_misc_14, nicolae_vaults_angled_halls, v_rooms_2, v_misc_33,
          hangedman_vaults_cutoff, vaults_standard_mumra_lines,
          nicolae_vaults_arrows, serial_ice_g, layout_vaults_maze_bifur,
          uniq_xtahua
Vaults:4: portal_desolation_entry_salt, nicolae_vaults_little_squares_3,
          nicolae_vaults_stairing_the_circle, vaults_room_guarded_vault,
          nicolae_vaults_network_barrier, v_misc_3, v_misc_14,
          ontoclasm_vaults_ring_square, hangedman_vaults_pinch,
          hangedman_vaults_nodes, grunt_vaults_hallway_long, v_misc_24,
          hangedman_vaults_snaps, v_misc_25, layout_vaults_omnibox,
          serial_shops, shop, shop, shop
Vaults:5: serial_shops
Depths:1: layout_cave_pools, enter_ziggurat_c, pan_entry,
          grunt_hell_entry_dis_old, kennysheep_nondescript,
          hangedman_abyss_or_decor_jellyfish_corner,
          hangedman_stitches_earthworm, grunt_megastairs_1,
          serial_bayou_shore_a, uniq_sojobo, uniq_asterion, uniq_enchantress
Depths:2: hangedman_arrow_trap, layout_gridlike, serial_shops,
          nicolae_shop_temple_entry_statues_fountains, pf_coc_iceberg,
          grunt_pan_entry_spiral
Depths:3: minmay_swirls_squares, layout_honeycomb,
          abyss_entry_small_statue_room, pf_hell_entry_tar_river, pan_entry,
          minmay_misc_feat_rows, infiniplex_staircase_pool_2
Depths:4: grunt_zot_entry_tricorne, layout_gridville, nicolae_twisting_strands,
          abyss_entry_flame_altar, grunt_hell_horde, hangedman_decor_growths,
          nicolae_ru_great_annihilating_truth
Zot:1:    layout_onion_interference
Zot:2:    layout_gridlike, ebering_ghost_inner_flame
Zot:3:    layout_cellular_growth, st_small_dragon_hoard_4
Zot:4:    layout_concentric_octagons, gammafunk_ghost_tricky_traps,
          grunt_ministairs_1, hangedman_zot_gyre
Zot:5:    layout_gridlike

Skill      XL: |  1  2  3  4  5  6  7  8  9 10 11 12 13 14 15 16 17 18 19 20 21 22 23 24 25 |
---------------+----------------------------------------------------------------------------+-----
Stealth        | 2 3 4 5 8 10 | 10.0
Dodging        | 4 7 8 10 12 13 17 18 21 22 | 22.7
Unarmed Combat | 3 4 5 6 7 11 12 16 18 20 24 | 24.8
Earth Magic    | 1 2 4 5 8 10 | 10.0
Conjurations   | 3 4 5 6 |  6.0
Fighting       | 4 6 8 10 11 16 17 18 | 18.9
Evocations     | 3 4 6 10 13 15 | 15.0
Spellcasting   | 4 5 6 7 10 12 13 14 15 16 18 19 | 19.0
Fire Magic     | 4 5 |  5.0
Transmutations | 6 7 10 8 | 10.0
Summonings     | 7 14 16 17 19 20 21 | 21.8
Necromancy     | 1 4 |  4.6
Translocations | 5 |  5.7

Action                   |  1- 3 |  4- 6 |  7- 9 | 10-12 | 13-15 | 16-18 | 19-21 | 22-24 | 25-27 || total
-------------------------+-------+-------+-------+-------+-------+-------+-------+-------+-------++-------
Melee: Unarmed           |   117 |   186 |   131 |    43 |   606 |   168 |   182 |   619 |    99 ||  2151
       Bite              |    10 |    17 |     9 |     3 |    57 |    13 |    20 |    71 |     6 ||   206
       Punch             |       |     2 |     2 |     1 |    21 |     4 |    16 |    53 |     3 ||   102
 Cast: Blink             |       |     3 |       |     1 |     3 |       |     1 |       |     3 ||    11
       Passwall          |       |     4 |     2 |     2 |    22 |     9 |     2 |     2 |     4 ||    47
       Stone Arrow       |       |       |   102 |   245 |   214 |       |       |       |       ||   561
       Sticky Flame      |       |       |       |    30 |    20 |       |       |       |       ||    50
       Irradiate         |       |       |       |     2 |    80 |    11 |     7 |    20 |    14 ||   134
       Mephitic Cloud    |       |       |       |     1 |     4 |       |       |       |       ||     5
       Statue Form       |       |       |       |       |    68 |    79 |    56 |   109 |    33 ||   345
       Dragon's Call     |       |       |       |       |    13 |    61 |    52 |    85 |    28 ||   239
       Vampiric Draining |       |       |       |       |       |       |    13 |    78 |       ||    91
       Death Channel     |       |       |       |       |       |       |       |    17 |     9 ||    26
       Apportation       |       |       |       |       |       |       |       |       |     1 ||     1
Invok: Curse Item        |       |       |       |     1 |     2 |       |       |       |       ||     3
       Shatter the Chain |       |       |       |       |       |       |     1 |       |       ||     1
 Abil: End Transformatio |       |       |       |       |     1 |     1 |     1 |       |       ||     3
Evoke: Wand              |       |       |    13 |     6 |     4 |       |       |     4 |     4 ||    31
       Tin of tremorston |       |       |       |       |       |       |     1 |     4 |       ||     5
       Condenser vane    |       |       |       |       |       |       |     1 |     4 |     1 ||     6
  Use: Scroll            |       |     3 |     5 |     6 |     3 |       |     1 |     6 |    10 ||    34
       Potion            |       |       |     2 |     3 |     3 |       |     1 |     4 |     9 ||    22
 Stab: Sleeping          |     5 |    11 |     4 |     1 |    34 |       |       |     5 |     3 ||    63
       Paralysed         |       |       |       |     4 |     1 |       |       |     1 |     1 ||     7
       Distracted        |       |       |       |     1 |     1 |     3 |     7 |    35 |     5 ||    52
       Invisible         |       |       |       |       |     2 |       |       |     1 |       ||     3
Armor: Skin              |    16 |    32 |    34 |     6 |   256 |   101 |    88 |   210 |    43 ||   786
Dodge: Dodged            |   100 |   150 |   147 |   104 |  1305 |   483 |   547 |  1152 |   266 ||  4254

Table legend: (Time is in decaauts)
 A = Elapsed time spent in this place.
 B = Non-inter-level travel time spent in this place.
 C = Inter-level travel time spent in this place.
 D = Time resting spent in this place.
 E = Time spent auto-exploring this place.
 F = Levels seen in this place.
 G = Mean time per level.
                   A        B        C        D        E       F      G
               +--------+--------+--------+--------+--------+-----+--------+
         Total |  69387 |  65367 |   4020 |   9562 |  39738 |  52 | 1334.4 |
       Dungeon |  20259 |  18283 |   1976 |   4235 |   9876 |  15 | 1350.6 |
        Temple |     93 |     93 |      0 |      0 |      4 |   1 |   93.0 |
          Lair |   8607 |   8256 |    351 |   1294 |   5454 |   6 | 1434.5 |
         Swamp |   3221 |   3103 |    118 |     73 |   2205 |   4 |  805.2 |
     Snake Pit |   4968 |   4808 |    160 |    112 |   3106 |   4 | 1242.0 |
  Orcish Mines |   2490 |   2318 |    172 |    437 |   1213 |   2 | 1245.0 |
   Elven Halls |   4776 |   4630 |    146 |    323 |   3136 |   3 | 1592.0 |
        Vaults |   9416 |   8991 |    425 |     38 |   6678 |   5 | 1883.2 |
        Depths |   6075 |   5630 |    445 |    533 |   3771 |   4 | 1518.8 |
           Zot |   6479 |   6257 |    222 |   1506 |   3358 |   5 | 1295.8 |
      Ice Cave |   1623 |   1623 |      0 |    883 |    203 |   1 | 1623.0 |
    Desolation |    966 |    966 |      0 |     34 |    665 |   1 |  966.0 |
      Gauntlet |    408 |    408 |      0 |     90 |     64 |   1 |  408.0 |
               +--------+--------+--------+--------+--------+-----+--------+

Top non-repeatable levels by time:
     D:4: 2844 daAuts
   Elf:3: 2661 daAuts
Vaults:3: 2404 daAuts
     D:8: 2209 daAuts
  Lair:4: 2099 daAuts
Vaults:5: 2051 daAuts
     D:5: 1968 daAuts
Depths:3: 1952 daAuts
Vaults:2: 1833 daAuts
    D:15: 1753 daAuts
   Zot:4: 1715 daAuts
   Zot:5: 1680 daAuts
     D:9: 1662 daAuts
 Snake:4: 1631 daAuts
   IceCv: 1623 daAuts
